Map: Dusk Towers

Players

LilDicky

  • Race: Terran Terran
  • League: Diamond

Hopeindes - Winner!

  • Race: Terran Terran
  • League: Diamond

VOD

http://www.twitch.tv/tumescentpie

Description

Time

  • Played on: Jan. 1, 2016, 10:41 p.m.
  • Length: 17:15
Show
View Real Time Build Order
Export as new Build Order

LilDicky Terran 

Build Orders: Mech, Banshee Rush 

Get SALT Encoding   

  12  0:02  SCV  
  14  0:14  SCV  
  14  0:18  Supply Depot  
  14  0:26  SCV  
  15  0:39  SCV, Refinery  
  16  0:45  Barracks  
  16  0:55  SCV  
  17  1:08  SCV  
  18  1:20  SCV  
  19  1:31  Marine  
  21  1:33  Supply Depot, Orbital Command  
  21  1:37  Refinery  
  20  1:49  Marine  
  21  1:54  Factory  
  21  2:07  Marine  
  22  2:13  SCV  
  23  2:23  Command Center  
  23  2:25  SCV  
  24  2:37  SCV  
  24  2:38  Marine  
  24  2:41  Factory Tech Lab  
  26  2:47  Starport  
  26  2:59  Marine  
  28  3:30  Supply Depot  
  28  3:31  Cloaking Field  
  29  3:34  Banshee  
  29  3:36  SCV  
  29  3:39  Marine  
  29  3:40  Orbital Command  
  32  3:42  Factory Tech Lab  
  33  3:48  SCV  
  33  3:52  Refinery  
  33  3:54  Refinery  
  33  4:00  SCV  
  33  4:01  Siege Tank  
  37  4:07  SCV  
  37  4:09  Supply Depot, Liberator  
  38  4:12  Engineering Bay  
  38  4:15  Marine  
  42  4:28  SCV  
  43  4:31  SCV  
  43  4:34  Supply Depot  
  44  4:39  Siege Tank  
  44  4:40  SCV  
  44  4:44  Missile Turret  
  48  4:47  SCV  
  46  5:01  Marine  
  46  5:02  SCV  
  48  5:07  Supply Depot  
  48  5:11  Siege Tank  
  51  5:16  Factory  
  51  5:18  SCV x2, Factory  
  53  5:26  Marine  
  53  5:28  Viking  
  56  5:38  SCV  
  56  5:39  SCV  
  58  5:50  SCV  
  58  5:51  SCV  
  58  5:53  Supply Depot  
  60  5:57  Siege Tank  
  60  5:58  Raven  
  60  6:02  SCV  
  60  6:41  Siege Tank  
  60  6:43  Factory Tech Lab x2  
  60  6:45  Viking  
  65  6:48  SCV x2  
  61  7:04  Command Center, Liberator  
  61  7:08  Marine  
  62  7:13  Siege Tank  
  68  7:23  Siege Tank x2  
  68  7:24  SCV x2  
  76  7:33  Starport  
  76  7:36  SCV x2  
  78  7:44  Refinery  
  78  7:46  Siege Tank  
  78  7:47  Refinery  
  78  7:48  SCV x2  
  80  8:00  SCV x2  
  80  8:01  Siege Tank  
  80  8:05  Supply Depot  
  85  8:07  Supply Depot x2  
  85  8:16  Siege Tank  
  85  8:18  SCV, Siege Tank  
  85  8:19  SCV  
  94  8:20  Orbital Command  
  80  8:37  Liberator x2  
  77  8:41  Siege Tank  
  77  8:46  SCV x2  
  77  8:48  Siege Tank  
  82  8:50  Siege Tank  
  91  9:00  SCV x2, Marine  
  94  9:06  SCV, Missile Turret  
  95  9:12  SCV x2  
  95  9:13  Siege Tank  
  95  9:14  Missile Turret  
  98  9:18  Missile Turret, Marine  
  98  9:19  SCV  
  100  9:30  SCV  
  101  9:34  Liberator  
  101  9:36  Marine  
  96  9:49  Siege Tank x3  
  99  10:10  Command Center  
  99  10:12  Barracks x2  
  99  10:13  Barracks  
  99  10:14  Barracks  
  96  10:16  Command Center  
  90  10:21  Siege Tank x2  
  90  10:23  Viking  
  98  10:29  Refinery  
  98  10:31  Refinery  
  98  10:34  Viking  
  89  10:43  Siege Tank  
  89  10:46  Liberator  
  89  10:49  SCV x3  
  95  10:51  Starport  
  95  10:53  Banshee, Siege Tank  
  90  11:15  Siege Tank x2  
  90  11:25  Siege Tank  
  93  11:47  Siege Tank  
  93  11:53  Viking  
  93  11:54  Viking, Siege Tank  
  100  11:57  Siege Tank  
  99  12:19  Siege Tank  
  102  12:23  Viking  
  102  12:24  Viking  
  102  12:27  Widow Mine  
  102  12:29  Widow Mine  
  87  12:53  Viking  
  87  12:54  Viking  
  87  12:55  Starport Reactor  
  91  13:00  Widow Mine  
  91  13:01  Widow Mine x2  
  91  13:02  Orbital Command  
  97  13:06  Orbital Command  
  97  13:08  SCV  
  97  13:12  Marine x3  
  99  13:13  Marine x2  
  103  13:23  Viking  
  103  13:24  Viking  
  96  13:29  Liberator x2  
  96  13:30  Marine x2  
  88  13:40  Siege Tank  
  88  13:41  Siege Tank x2  
  95  13:48  SCV x2  
  103  13:51  SCV x2  
  103  13:53  SCV, Banshee  
  109  14:00  SCV  
  110  14:06  Refinery  
  110  14:07  Starport Tech Lab  
  110  14:12  Refinery  
  110  14:13  Siege Tank x3, Missile Turret, Marine  
  114  14:26  Banshee  
  115  14:36  Banshee  
  118  14:40  Missile Turret  
  118  14:45  Siege Tank x3  
  110  15:01  Barracks  
  100  15:17  Siege Tank x3  
  94  15:25  Marine  
  94  15:26  Liberator, Marine x4  
  92  15:42  Banshee x2  
  86  15:43  Marine  
  86  15:49  Siege Tank x3  
  82  16:10  SCV  
  81  16:11  SCV x2  
  77  16:21  Siege Tank x3  
  77  16:24  Marine  
  77  16:25  Banshee x2, Marine x4  
  92  16:34  Orbital Command  
  91  16:42  Marine  
  91  16:43  Marine  
Show
View Real Time Build Order
Export as new Build Order

Hopeindes Terran - Winner!

Build Orders: Reaper Expand, Bio Tank 

Get SALT Encoding   

  12  0:01  SCV  
  13  0:13  SCV  
  14  0:19  Supply Depot  
  14  0:25  SCV  
  15  0:41  SCV  
  16  0:44  Barracks  
  16  0:49  Refinery  
  16  0:53  SCV  
  17  1:05  SCV  
  18  1:17  SCV  
  19  1:30  Orbital Command  
  19  1:35  Reaper  
  20  1:50  Command Center  
  20  1:56  Refinery  
  20  2:02  SCV  
  20  2:14  Factory  
  20  2:15  SCV  
  21  2:27  Supply Depot, Barracks Reactor  
  21  2:31  SCV  
  22  2:44  SCV  
  23  2:56  SCV  
  24  2:59  Factory Tech Lab  
  24  3:00  Starport  
  23  3:23  Widow Mine  
  23  3:24  Marine x2  
  23  3:26  Orbital Command  
  27  3:27  SCV  
  28  3:39  SCV  
  28  3:40  Viking  
  31  3:42  Marine x2  
  33  3:57  Engineering Bay  
  33  3:59  Siege Tank  
  36  4:05  Marine x2  
  38  4:14  Viking  
  40  4:18  SCV x2  
  42  4:29  Missile Turret  
  42  4:30  SCV  
  42  4:31  SCV  
  44  4:34  Missile Turret  
  44  4:38  Marine x2  
  46  5:00  Command Center  
  46  5:02  Starport Reactor  
  46  5:08  Barracks  
  46  5:10  Barracks  
  46  5:19  Supply Depot  
  46  5:22  Supply Depot  
  46  5:25  SCV x2, Marine x2  
  50  5:29  Siege Tank  
  50  5:33  Terran Infantry Weapons Level 1  
  53  5:37  SCV  
  53  5:40  SCV  
  53  5:42  Medivac  
  58  5:50  SCV  
  58  5:52  SCV, Marine x2  
  61  5:59  Barracks Tech Lab x2  
  61  6:02  SCV  
  62  6:04  SCV  
  53  6:41  Siege Tank  
  53  6:43  Combat Shields  
  53  6:45  Stimpack, Marine x3  
  50  7:04  Marine x4  
  54  7:10  Barracks x2, Orbital Command  
  54  7:12  Factory  
  54  7:13  SCV x2, Siege Tank  
  54  7:15  Refinery x2  
  59  7:22  Marine x4  
  61  7:25  SCV, Medivac x2  
  67  7:40  Marine x2  
  54  8:46  Marine  
  54  8:47  Marine x5  
  53  8:48  Factory Tech Lab  
  53  8:54  SCV x3  
  56  9:03  Viking x2  
  56  9:04  Marine  
  56  9:05  Marine x2  
  56  9:06  SCV  
  64  9:13  Marine x3  
  64  9:15  Siege Tank x2  
  72  9:22  Marine  
  72  9:23  Marine x2  
  75  9:28  Supply Depot  
  75  9:29  Supply Depot  
  75  9:31  Marine x3  
  72  9:40  Marine  
  70  9:47  Siege Tank  
  70  9:49  Marine  
  70  9:50  Marine x4  
  74  9:58  Marine  
  75  10:02  Siege Tank  
  78  10:07  Marine  
  78  10:08  Marine x4  
  83  10:15  Marine  
  83  10:19  Siege Tank  
  87  10:25  Marine x3  
  87  10:26  Marine  
  91  10:34  Siege Tank  
  88  10:43  Marine  
  88  10:44  Marine x5  
  88  10:47  Medivac x2  
  98  10:51  Siege Tank  
  101  11:04  Marine x2  
  101  11:05  Marine x4  
  101  11:06  Siege Tank  
  85  11:12  Orbital Command  
  85  11:22  Marine x2  
  85  11:23  Marine x4  
  85  11:25  Missile Turret x2  
  90  11:33  Missile Turret  
  90  11:35  Missile Turret x2  
  89  11:40  Marine x2  
  89  11:44  Viking x2  
  89  11:45  Barracks Reactor x2  
  95  11:55  Siege Tank x2  
  101  12:07  SCV x2  
  99  12:08  SCV  
  99  12:13  Marine x4  
  99  12:19  SCV x2  
  99  12:20  SCV  
  99  12:31  Marine x2  
  101  12:39  Marine x3  
  99  12:45  Siege Tank  
  99  12:48  Marine  
  99  12:49  Marine  
  101  13:03  Supply Depot  
  101  13:05  Supply Depot  
  101  13:06  Supply Depot  
  101  13:21  Marine  
  101  13:23  Marine x6  
  101  13:24  Marine  
  101  13:25  Siege Tank x2  
  90  13:39  Marine  
  90  13:40  Marine x2  
  90  13:41  Marine x4  
  95  13:42  Medivac x2, Marine  
  102  13:48  Command Center  
  102  13:57  Marine  
  102  13:58  Siege Tank x2, Marine x2  
  102  13:59  Marine x3  
  113  14:03  Command Center  
  113  14:12  Medivac  
  115  14:21  Marine  
  115  14:22  Marine x7  
  113  14:39  Marine x6  
  113  14:40  Marine x2  
  112  14:57  Marine x8  
  109  15:15  Marine x3  
  109  15:17  Marine x3  
  109  15:18  Marine x2  
  105  15:32  Marine  
  105  15:33  Marine x2  
  105  15:35  Marine x5  
  95  15:50  Marine  
  95  15:51  Marine x2  
  95  15:53  Marine x4  
  99  15:59  Marine  
  100  16:08  Marine x3  
  100  16:10  Marine  
  100  16:11  Marine x3  
  100  16:12  Refinery x2  
  100  16:16  Marine  
  95  16:21  Siege Tank x2  
  95  16:22  Medivac  
  103  16:26  Marine x3  
  103  16:28  Planetary Fortress, Marine  
Tags
 
Add a new tag
Caveats
  • Supply blocks, unpowered buildings, or Contaminate may cause inaccurate times.
  • Supply counts are checked every 10 seconds.